 Dungeon Crawl Stone Soup version 0.21-a0-632-g1e37ce5 (webtiles) character file.

23193 Timinator the Martial Artist (level 12, -9/93 HPs)
             Began as a Vampire Transmuter on Dec 26, 2017.
             Was a High Priest of Kikubaaqudgha.
             Mangled by an ettin
             ... wielding a +0 dire flail of venom
              (10 damage)
             ... on level 1 of the Orcish Mines on Dec 27, 2017.
             The game lasted 02:31:49 (13520 turns).

Timinator the Martial Artist (Vampire Transmuter)  Turns: 13520, Time: 02:31:49

Health: -9/93      AC: 10    Str: 15    XL:     12   Next: 69%
Magic:  15/17      EV: 18    Int: 16    God:    Kikubaaqudgha [*****.]
Gold:   747        SH:  0    Dex: 19    Spells: 3/18 levels left

rFire    . . .     SeeInvis +     - Unarmed
rCold    + . .     Gourm    .   (no shield)
rNeg     . . .     Faith    .   U - +0 acid dragon scales
rPois    +         Spirit   .   I - +0 helmet
rElec    +         Reflect  .   D - +1 cloak
rCorr    +         Harm     .   i - +0 pair of gloves
MR       +....                  (no boots)
Stlth    +.........             (no amulet)
HPRegen  0.45/turn              s - +6 ring of strength
MPRegen  0.15/turn              H - ring "Boakhlall" {rElec rPois rC+}

@: lethally poisoned (-9 -> -33), regenerating quickly
A: fangs 3, see invisible, unbreathing
a: Receive Corpses, Torment, Renounce Religion


You were on level 1 of the Orcish Mines.
You worshipped Kikubaaqudgha.
Kikubaaqudgha was extremely pleased with you.
You were very full.

You visited 3 branches of the dungeon, and saw 15 of its levels.
You also visited: Sewer.

You collected 1103 gold pieces.
You spent 356 gold pieces at shops.

Inventory:

Missiles
 a - 80 arrows
Armour
 g - a +1 robe of cold resistance
 i - a +0 pair of gloves (worn)
 D - a +1 cloak (worn)
 E - the +5 ring mail "Muilatwymn" {+Fly Str+2 Stlth-}
   (You found it on level 8 of the Dungeon)

   It affects your strength (+2).
   It lets you fly.
   It makes you less stealthy.
 I - a +0 helmet (worn)
 U - +0 acid dragon scales (worn)
Jewellery
 s - a +6 ring of strength (left hand)
 z - an uncursed ring of protection from magic
 H - the ring "Boakhlall" (right hand) {rElec rPois rC+}
   (You found it on level 9 of the Dungeon)

   [ring of protection from cold]

   It protects you from cold.
   It insulates you from electricity.
   It protects you from poison.
 V - a +5 ring of dexterity
Wands
 e - a wand of scattershot (8)
 f - a wand of polymorph (12)
 l - a wand of iceblast (22)
 m - a wand of acid (8)
 x - a wand of enslavement (2)
 A - a wand of paralysis (15)
 M - a wand of random effects (28)
 S - a wand of digging (18)
 X - a wand of flame (26)
Scrolls
 k - a scroll of enchant armour {unknown}
 n - a scroll of immolation
 p - 7 scrolls of teleportation
 q - 9 scrolls of remove curse
 r - 2 scrolls of blinking {unknown}
 w - 2 scrolls of fear
 y - 2 scrolls of magic mapping
 B - a scroll of acquirement {unknown}
 F - 2 scrolls of fog {unknown}
 L - a scroll of holy word {unknown}
 N - a scroll of noise {unknown}
 T - a scroll of amnesia {unknown}
 W - a scroll of identify
Potions
 d - 27 potions of blood
 h - 6 potions of curing
 j - 7 potions of flight
 o - a potion of mutation
 t - a potion of magic {unknown}
 C - 3 potions of lignification
 K - a potion of brilliance {unknown}
 R - a potion of ambrosia
Books
 c - a book of Changes

   Spells                             Type                      Level
   a - Beastly Appendage              Transmutation                1
   b - Sticks to Snakes               Transmutation                2
   c - Spider Form                    Transmutation/Poison         3
   d - Ice Form                       Ice/Transmutation            4
   e - Blade Hands                    Transmutation                5
 u - Kikubaaqudgha's Catalogue of Evil
   (Kikubaaqudgha gifted it to you on level 6 of the Dungeon)

   Spells                             Type                      Level
   a - Animate Skeleton               Necromancy                   1
   b - Pain                           Necromancy                   1
   c - Sublimation of Blood           Necromancy                   2
   d - Regeneration                   Charms/Necromancy            3
 v - a book of Battle

   Spells                             Type                      Level
   a - Infusion                       Charms                       1
   b - Shroud of Golubria             Charms/Translocation         2
   c - Song of Slaying                Charms                       2
   d - Spectral Weapon                Hexes/Charms                 3
   e - Regeneration                   Charms/Necromancy            3
 G - a book of Debilitation

   Spells                             Type                      Level
   a - Corona                         Hexes                        1
   b - Slow                           Hexes                        2
   c - Inner Flame                    Hexes/Fire                   3
   d - Portal Projectile              Hexes/Translocation          3
   e - Cause Fear                     Hexes                        4
   f - Leda's Liquefaction            Hexes/Earth                  4
 J - Kikubaaqudgha's Guide on Necromancy
   (Kikubaaqudgha gifted it to you on level 9 of the Dungeon)

   Spells                             Type                      Level
   a - Animate Dead                   Necromancy                   4
   b - Borgnjor's Vile Clutch         Necromancy/Earth             5
   c - Agony                          Necromancy                   5
   d - Dispel Undead                  Necromancy                   5
   e - Simulacrum                     Ice/Necromancy               6
 P - a book of Enchantments

   Spells                             Type                      Level
   a - Cause Fear                     Hexes                        4
   b - Yara's Violent Unravelling     Hexes/Transmutation          5
   c - Silence                        Hexes/Air                    5
   d - Deflect Missiles               Charms/Air                   6
   e - Discord                        Hexes                        8
Miscellaneous
 O - a lightning rod (2/4)


   Skills:
 * Level 8.2 Fighting
 * Level 9.1 Dodging
 - Level 0.4 Stealth
 + Level 14.4 Unarmed Combat
 + Level 3.5 Spellcasting
 * Level 4.3 Charms
 * Level 4.1 Necromancy
 - Level 11.0 Transmutations
 + Level 0.9 Evocations


You had 3 spell levels left.
You knew the following spells:

 Your Spells              Type           Power        Failure   Level  Hunger
a - Beastly Appendage     Tmut           #####.       1%          1    None
b - Ice Form              Ice/Tmut       ###.....     26%         4    ####...
c - Blade Hands           Tmut           #####.....   8%          5    ######.
d - Regeneration          Chrm/Necr      ###.......   13%         3    ###....
e - Shroud of Golubria    Chrm/Tloc      #.........   16%         2    ##.....


Dungeon Overview and Level Annotations

Branches:
Dungeon (12/15)            Temple (1/1) D:4            Lair (0/6) D:11
    Orc (2/2) D:11
    Elf: Orc:2

Altars:
Ashenzari
Cheibriados
Dithmenos
Elyvilon
Fedhas
Gozag
Hepliaklqana
Kikubaaqudgha
Makhleb
Nemelex Xobeh
Okawaru
Qazlal
Ru
Sif Muna
Trog
Uskayaw
Vehumet
Wu Jian
Xom
Yredelemnul
Zin
The Shining One

Shops:
D:5 (   D:9 !   D:10 *


Innate Abilities, Weirdness & Mutations

Your natural rate of healing is unusually fast.
You have razor-sharp teeth.
You have supernaturally acute eyesight. (SInv)
You can survive without breathing.


Message History

You see here a club.
There is a stone staircase leading up, spattered with blood here.
You see here 2 large rocks.
The ettin completely misses you.
The ettin hits you with a dire flail of crushing!!
You climb upwards.
There is a stone staircase leading down, spattered with blood here.
You see here a flail.
Okay, then.
Evoke which item? (* to show all) (? for menu, Esc to quit)
Aiming: Paralyse
Press: ? - help, Shift-Dir - straight line, f - ettin
Aim: an ettin, wielding a dire flail of venom and a dire flail of crushing (heavily wounded, chance to defeat MR: 31%)
The ettin easily resists.
The ettin hits you with a dire flail of venom!!
* * * LOW HITPOINT WARNING * * *
You are lethally poisoned!
The ettin hits you with a dire flail of crushing!
You die...
Kikubaaqudgha rasps: "You have failed me!
Welcome... oblivion!"

### #.# #.##
####..## #......#
##......####
###.......#..#
##......).....##
##.....@...[....###
##.....C###<)......#
#....))[.##)#[(...##
###..[>)#####.....#
#...[).##.#.....##
#......###.......#
##.......#......##
##.#.........###
###.......###


You could see an ettin.

Vanquished Creatures
  An orc warlord (D:11)
  An ettin (Orc:1)
  Erolcha (D:11)
  2 two-headed ogres
  An orc high priest (Orc:1)
  The ghost of crub the Shield-Bearer, a novice MiFi of the Shining One (D:8)
  3 orc sorcerers
  An orc knight (D:11)
  A cyclops (Orc:1)
  Psyche (D:9)
  Joseph (D:9)
  Maurice (D:8)
  2 kobold demonologists (D:10)
  A freezing wraith (D:9)
  The ghost of RedSky the Ruffian, an amateur TrMo (D:4)
  2 trolls
  A merfolk (D:9)
  Grinder (D:4)
  5 hippogriffs
  A vampire (D:9)
  3 wyverns
  A shadow (D:11)
  11 yaks
  Grum (D:11)
  3 vampire mosquitoes (D:7)
  Edmund (D:4)
  7 wargs
  2 acid dragons (D:11)
  5 sky beasts
  15 orc warriors
  A black bear (D:8)
  3 phantoms
  2 centaurs
  3 wolves
  14 ogres
  9 bullfrogs
  4 big kobolds
  A wyvern zombie (D:7)
  5 scorpions
  11 killer bees
  3 wights (D:7)
  4 howler monkeys
  6 crimson imps
  3 bullfrog zombies
  A quasit (D:8)
  4 hounds
  2 jellies
  4 centaur zombies
  12 orc priests
  2 bullfrog skeletons
  3 centaur skeletons
  2 gnoll shamans
  An iguana (D:11)
  Terence (D:2)
  11 orc wizards
  7 worker ants
  A killer bee zombie (D:7)
  A hound skeleton (D:9)
  2 hound zombies
  A howler monkey zombie (D:8)
  2 worker ant zombies
  11 adders
  6 gnolls
  A river rat (Sewer)
  2 shadow imps
  2 adder zombies (D:8)
  3 worms
  A dart slug (D:2)
  9 leopard geckos
  61 orcs
  5 giant cockroaches
  9 goblins
  13 hobgoblins
  2 jackals (Sewer)
  2 quokkas
  4 ball pythons
  5 bats
  2 frilled lizards
  A giant cockroach zombie (D:5)
  A jackal skeleton (D:4)
  14 kobolds
  A leopard gecko skeleton (D:5)
  14 rats
373 creatures vanquished.

Vanquished Creatures (others)
  A troll (D:9)
  10 fungi (Orc:2)
11 creatures vanquished.

Grand Total: 384 creatures vanquished

Notes
Turn   | Place    | Note
-------+----------+-------------------------------------------
     0 | D:1      | Timinator the Vampire Transmuter began the quest for the Orb.
     0 | D:1      | Reached XP level 1. HP: 14/14 MP: 3/3
    74 | D:1      | Reached skill level 1 in Fighting
   181 | D:1      | Reached XP level 2. HP: 19/22 MP: 5/5
   975 | D:1      | Reached XP level 3. HP: 26/27 MP: 6/6
  1500 | D:3      | Found a glowing drain.
  1509 | Sewer    | Entered a sewer
  1519 | Sewer    | Reached skill level 4 in Unarmed Combat
  1576 | Sewer    | Noticed a big kobold
  1597 | Sewer    | Killed a big kobold
  1597 | Sewer    | Reached XP level 4. HP: 17/33 MP: 7/7
  1668 | Sewer    | Found a white marble altar of Elyvilon.
  1973 | D:2      | Reached XP level 5. HP: 15/38 MP: 6/8
  2069 | D:2      | Found a radiant altar of Vehumet.
  2071 | D:2      | Found an iron altar of Okawaru.
  2072 | D:2      | Found a burning altar of Makhleb.
  2367 | D:2      | Found a snail-covered altar of Cheibriados.
  2460 | D:2      | Reached skill level 5 in Unarmed Combat
  2497 | D:2      | Noticed Terence
  2521 | D:2      | Killed Terence
  3696 | D:4      | Reached XP level 6. HP: 34/44 MP: 8/10
  3708 | D:4      | Noticed Grinder
  3723 | D:4      | Killed Grinder
  3723 | D:4      | Reached skill level 6 in Unarmed Combat
  3850 | D:4      | Noticed Edmund
  4026 | D:4      | Killed Edmund
  4026 | D:4      | Reached XP level 7. HP: 26/51 MP: 11/11
  4086 | D:4      | Noticed RedSky's ghost (amateur TrMo)
  4108 | D:4      | Learned a level 4 spell: Ice Form
  4114 | D:4      | Learned a level 5 spell: Blade Hands
  4126 | D:4      | Killed RedSky's ghost
  4126 | D:4      | Reached skill level 7 in Unarmed Combat
  4409 | D:4      | Found a staircase to the Ecumenical Temple.
  4414 | Temple   | Entered the Ecumenical Temple
  4420 | Temple   | Became a worshipper of Kikubaaqudgha
  4449 | D:5      | Entered Level 5 of the Dungeon
  4688 | D:5      | Reached XP level 8. HP: 49/58 MP: 10/12
  4746 | D:5      | Found a hazy altar of Hepliaklqana.
  4931 | D:5      | Reached skill level 5 in Transmutations
  4948 | D:5      | Reached skill level 8 in Unarmed Combat
  5143 | D:5      | Found Lunaenn's Antique Weapon Shoppe.
  5448 | D:6      | Reached * piety under Kikubaaqudgha
  5448 | D:6      | Identified Kikubaaqudgha's Catalogue of Evil (Kikubaaqudgha gifted it to you on level 6 of the Dungeon)
  5448 | D:6      | Received a gift from Kikubaaqudgha
  5730 | D:6      | Noticed a two-headed ogre
  5904 | D:6      | Killed a two-headed ogre
  5904 | D:6      | Reached skill level 5 in Dodging
  5904 | D:6      | Reached skill level 9 in Unarmed Combat
  5904 | D:6      | Reached XP level 9. HP: 41/66 MP: 7/13
  6092 | D:7      | Reached skill level 5 in Fighting
  6146 | D:7      | Reached skill level 10 in Unarmed Combat
  6610 | D:7      | Found a white marble altar of Elyvilon.
  6614 | D:7      | Found an ornate altar of the Wu Jian Council.
  6763 | D:7      | Reached ** piety under Kikubaaqudgha
  6763 | D:7      | Reached skill level 11 in Unarmed Combat
  6804 | D:7      | Upgraded the game from 0.21-a0-630-g344d351 to 0.21-a0-632-g1e37ce5
  7042 | D:8      | Noticed crub's ghost (novice MiFi)
  7078 | D:8      | Killed crub's ghost
  7078 | D:8      | Reached XP level 10. HP: 37/76 MP: 8/14
  7332 | D:8      | Got a heavily runed ring mail
  7333 | D:8      | Identified the +5 ring mail "Muilatwymn" {+Fly Str+2 Stlth-} (You found it on level 8 of the Dungeon)
  7384 | D:8      | Noticed Maurice
  7399 | D:8      | Killed Maurice
  7433 | D:8      | Reached skill level 12 in Unarmed Combat
  7644 | D:8      | Found a sparkling altar of Nemelex Xobeh.
  7785 | D:8      | Noticed a two-headed ogre
  7794 | D:8      | Killed a two-headed ogre
  7970 | D:9      | Found Xijag's Distillery.
  7979 | D:9      | Bought a potion of heal wounds for 55 gold pieces
  7979 | D:9      | Bought a potion of mutation for 88 gold pieces
  8023 | D:9      | Reached *** piety under Kikubaaqudgha
  8023 | D:9      | Identified Kikubaaqudgha's Guide on Necromancy (Kikubaaqudgha gifted it to you on level 9 of the Dungeon)
  8023 | D:9      | Received a gift from Kikubaaqudgha
  8042 | D:9      | Learned a level 3 spell: Regeneration
  8045 | D:9      | Learned a level 2 spell: Shroud of Golubria
  8070 | D:9      | Noticed Joseph
  8078 | D:9      | Killed Joseph
  8141 | D:9      | Reached XP level 11. HP: 49/83 MP: 9/15
  8263 | D:9      | Noticed Psyche
  8274 | D:9      | Killed Psyche
  8359 | D:9      | Got an ancient bone ring
  8366 | D:9      | Identified the ring "Boakhlall" {rElec rPois rC+} (You found it on level 9 of the Dungeon)
  8380 | D:9      | Reached skill level 13 in Unarmed Combat
  9197 | D:10     | Entered Level 10 of the Dungeon
  9248 | D:10     | Got a dazzling dagger
  9249 | D:10     | Identified the cursed +2 dagger "Otofi" {flame, rC+ Int+6 Dex-2} (You found it on level 10 of the Dungeon)
  9406 | D:10     | Found Mujagaj's Assorted Antiques.
  9431 | D:10     | Bought a bubbling sapphire potion for 21 gold pieces
  9431 | D:10     | Bought a scroll labeled VAS OKHLEDAMITE for 24 gold pieces
  9431 | D:10     | Bought a wand of iceblast (7) for 96 gold pieces
  9431 | D:10     | Bought a scroll of teleportation for 72 gold pieces
 10432 | D:11     | Noticed Grum
 10437 | D:11     | Killed Grum
 10523 | D:10     | Reached skill level 1 in Necromancy
 10524 | D:10     | Reached **** piety under Kikubaaqudgha
 10626 | D:10     | Reached skill level 1 in Charms
 10691 | D:11     | Found a staircase to the Lair.
 10736 | D:11     | Found a hide-covered altar of Uskayaw.
 11270 | D:11     | Reached skill level 10 in Transmutations
 11279 | D:11     | Reached ***** piety under Kikubaaqudgha
 11328 | D:11     | Noticed Erolcha
 11336 | D:11     | Killed Erolcha
 11336 | D:11     | Reached XP level 12. HP: 92/92 MP: 6/16
 11393 | D:11     | Found a staircase to the Orcish Mines.
 11744 | Orc:1    | Entered Level 1 of the Orcish Mines
 11917 | Orc:1    | Reached skill level 14 in Unarmed Combat
 11930 | Orc:1    | Noticed an orc warlord
 12060 | D:11     | Killed an orc warlord
 12578 | Orc:2    | Entered Level 2 of the Orcish Mines
 12721 | Orc:2    | Noticed an ettin
 12727 | Orc:2    | Noticed an orc high priest
 12941 | Orc:1    | Killed an ettin
 13413 | Orc:1    | Killed an orc high priest
 13465 | Orc:2    | Noticed an ettin
 13520 | Orc:1    | HP: 1/93 [ettin/dire flail of venom (31)]
 13520 | Orc:1    | Mangled by an ettin

Vault maps used:
D:1:      onia_arrival_pyramid, roderic_lattice_a
D:2:      lemuel_crystal_altar, grunt_temple_overflow_open, first_ration,
          uniq_terence
D:3:      portal_sewer_entry_f
D:4:      mumra_celtic_spiral_tile, minmay_temple_entry_nine_rooms, uniq_edmund,
          uniq_grinder
D:5:      minmay_diamond_boxcup, basic_altar, serial_shops, shop
D:6:      serial_bayou_pond_e
D:7:      minitemple
D:8:      minmay_distorted_concentric_squares,
          nemelex_xobeh_ov_fountains_minmay, uniq_maurice
D:9:      kennysheep_blocky_hall, serial_shops, shop, hangedman_fish_farm,
          lemuel_flame_loot_1, uniq_joseph, uniq_psyche
D:10:     serial_shops, shop
D:11:     lair_entry_dummy, hiddenorc1_lemuel, serial_glass, glass_columns_b,
          glass_columns_a, basic_altar, uniq_grum, uniq_erolcha
D:12:     cheibriados_altar_1
Temple:   minmay_freezing_vapour_temple
Orc:1:    trog_butcher_becter
Orc:2:    grunt_orc_gardens, grunt_orc_garden, grunt_orc_garden,
          grunt_orc_garden, grunt_orc_garden
Sewer:    sewer_kobolds

Skill      XL: |  1  2  3  4  5  6  7  8  9 10 11 12 |
---------------+-------------------------------------+-----
Fighting       | 1 2 3 4 6 7 8 |  8.2
Unarmed Combat | 4 5 6 7 9 11 12 13 14 | 14.4
Dodging        | 3 4 5 7 8 9 |  9.1
Spellcasting   | 3 |  3.5
Transmutations | 3 4 6 7 8 10 11 | 11.0
Necromancy     | 2 4 |  4.1
Charms         | 2 4 |  4.3
Stealth        | |  0.4
Evocations     | |  0.9

Action                   |  1- 3 |  4- 6 |  7- 9 | 10-12 || total
-------------------------+-------+-------+-------+-------++-------
Melee: Unarmed           |   156 |   197 |   341 |   490 ||  1184
       Bite              |    10 |    24 |    31 |    49 ||   114
       Headbutt          |     2 |     6 |       |       ||     8
       Kick              |     5 |    20 |    57 |    11 ||    93
       Punch             |     1 |    10 |    16 |    22 ||    49
 Cast: Beastly Appendage |     8 |    15 |    19 |     4 ||    46
       Blade Hands       |       |       |     3 |    56 ||    59
       Ice Form          |       |       |       |     1 ||     1
       Shroud of Golubri |       |       |       |    11 ||    11
Invok: Receive Corpses   |       |       |       |     1 ||     1
 Abil: Bat Form          |     2 |       |     1 |       ||     3
       End Transformatio |     2 |       |       |     2 ||     4
Evoke: Wand              |       |       |     1 |    15 ||    16
       Lightning rod     |       |       |       |     2 ||     2
  Use: Scroll            |     2 |     3 |     3 |    11 ||    19
       Potion            |     2 |    10 |    11 |    25 ||    48
 Stab: Sleeping          |     3 |     4 |       |     3 ||    10
       Distracted        |       |       |       |     1 ||     1
       Paralysed         |       |       |       |     1 ||     1
  Eat: Corpse            |     9 |     7 |     5 |    30 ||    51
Armor: Robe              |    29 |    29 |    11 |    56 ||   125
       Skin              |     8 |     6 |       |     7 ||    21
       Ring mail         |       |       |    45 |    15 ||    60
Dodge: Dodged            |   105 |    86 |   202 |   401 ||   794

Table legend:
 A = Spawn XP
 B = Non-spawn XP
 C = Spawn XP percentage of total XP
 D = Spawn monster count
 E = Non-spawn monster count
 F = Spawn count percentage of total count
 G = Total turns spent on level
                    A         B        C        D         E        F      G
               +---------+---------+-------+---------+---------+-------+---------
         Total |       0 |   33133 |   0.0 |       0 |     373 |   0.0 | 13520
               +---------+---------+-------+---------+---------+-------+---------
           D:1 |       0 |      44 |   0.0 |       0 |      28 |   0.0 |  1224
           D:2 |       0 |     111 |   0.0 |       0 |      20 |   0.0 |   943
           D:3 |       0 |      88 |   0.0 |       0 |      24 |   0.0 |   930
           D:4 |       0 |     879 |   0.0 |       0 |       9 |   0.0 |  1005
           D:5 |       0 |     750 |   0.0 |       0 |      27 |   0.0 |   814
           D:6 |       0 |    1309 |   0.0 |       0 |      12 |   0.0 |   752
           D:7 |       0 |    2207 |   0.0 |       0 |      30 |   0.0 |   942
           D:8 |       0 |    4063 |   0.0 |       0 |      37 |   0.0 |   862
           D:9 |       0 |    3862 |   0.0 |       0 |      32 |   0.0 |  1342
          D:10 |       0 |    4705 |   0.0 |       0 |      41 |   0.0 |  1628
          D:11 |       0 |    8171 |   0.0 |       0 |      58 |   0.0 |  1562
         Orc:1 |       0 |    4875 |   0.0 |       0 |      29 |   0.0 |   942
         Orc:2 |       0 |    1953 |   0.0 |       0 |      16 |   0.0 |   189
         Sewer |       0 |     116 |   0.0 |       0 |      10 |   0.0 |   365
               +---------+---------+-------+---------+---------+-------+---------
